 Dungeon Crawl Stone Soup version 0.21.1-1-g345015f (webtiles) character file.

55 shakethe the Ruffian (level 3, -1/36 HPs)
             Began as a Troll Monk on Feb 9, 2018.
             Slain by a gnoll
             ... wielding a +0 halberd
              (12 damage)
             ... on level 3 of the Dungeon.
             The game lasted 00:03:44 (1614 turns).

shakethe the Ruffian (Troll Monk)                   Turns: 1614, Time: 00:03:44

Health: -1/36      AC:  5    Str: 19    XL:     3   Next: 67%
Magic:  2/2        EV: 11    Int:  6    God:
Gold:   58         SH:  0    Dex: 13    Spells: 2/2 levels left

rFire    . . .     SeeInvis .     - Unarmed
rCold    . . .     Gourm    +   (no shield)
rNeg     . . .     Faith    .   a - +0 robe
rPois    .         Spirit   .   (helmet restricted)
rElec    .         Reflect  .   (no cloak)
rCorr    .         Harm     .   (gloves unavailable)
MR       .....                  (boots unavailable)
Stlth    ++........             (no amulet)
HPRegen  0.52/turn              (no ring)
MPRegen  0.08/turn              (no ring)

@: no status effects
A: large, unfitting armour, claws 3, fast metabolism 3, gourmand, regeneration
1, shaggy fur 1, tough skin 2
a: no special abilities


You were on level 3 of the Dungeon.
You were not hungry.

You visited 1 branch of the dungeon, and saw 3 of its levels.

You collected 58 gold pieces.

Inventory:

Hand Weapons
 k - a +0 dagger of electrocution
   (You took it off a kobold on level 1 of the Dungeon)
Armour
 a - a +0 robe (worn)
Scrolls
 c - 2 scrolls of teleportation {unknown}
 e - 2 scrolls of fear {unknown}
 g - 3 scrolls of remove curse {unknown}
 h - a scroll of enchant armour {unknown}
 i - 3 scrolls of magic mapping {unknown}
 m - a scroll of noise {unknown}
 n - a scroll of identify {unknown}
 o - a scroll of immolation {unknown}
Potions
 d - 2 potions of resistance {unknown}
 f - 2 potions of heal wounds {unknown}
 j - a potion of cancellation {unknown}
 l - a potion of degeneration {unknown}
 p - a potion of berserk rage {unknown}
Comestibles
 b - 8 rations


   Skills:
 + Level 2.9 Fighting
 + Level 2.8 Dodging
 - Level 1.0 Stealth
 * Level 3.9 Unarmed Combat


You had 2 spell levels left.
You didn't know any spells.

Dungeon Overview and Level Annotations

Branches:
Dungeon (3/15)

Altars:


Innate Abilities, Weirdness & Mutations

You are too large for most types of armour.
You have claws for hands.
Your metabolism is lightning-fast.
You like to eat raw meat.
Your natural rate of healing is unusually fast.
You are covered in fur. (AC +1)
You have very tough skin. (AC +2)


Message History

No target in view!
No target in view!
No target in view!
No target in view!
No target in view!
No target in view!
No target in view!
No target in view!
No target in view!
No target in view!
No target in view!
No target in view!
You open the door.
There is an open door here.
A goblin comes into view. It is wielding a club.
The goblin shouts!
You barely miss the goblin. You scratch the goblin.
You kill the goblin!
No target in view!
No target in view!
No target in view!
No target in view!
No target in view!
No target in view!
No target in view!
No target in view!
No target in view!
No target in view!
No target in view!
No target in view!
Things that are here:
a club; a goblin corpse No target in view!
No target in view!
No target in view!
No target in view!
No target in view!
No target in view!
No target in view!
No target in view!
p - a metallic yellow potion No target in view!
No target in view!
No target in view!
No target in view!
No target in view!
No target in view!
No target in view!
No target in view!
No target in view!
No target in view!
No target in view!
No target in view!
No target in view!
A frilled lizard comes into view.
The frilled lizard hisses angrily.
The frilled lizard closely misses you.
You miss the frilled lizard. The frilled lizard misses you.
You completely miss the frilled lizard. The frilled lizard bites you.
You take 1 damage, and have 35/36 hp.
You claw the frilled lizard!
You kill the frilled lizard!
Health restored: 36 No target in view!
No target in view!
No target in view!
No target in view!
No target in view!
No target in view!
No target in view!
No target in view!
No target in view!
No target in view!
No target in view!
A gnoll comes into view. 2 gnolls come into view.
The gnoll shouts! x3
The gnoll hits you!
You take 8 damage, and have 28/36 hp.
MASSIVE DAMAGE!!
You scratch the gnoll. The gnoll hits you.
The gnoll hits you from afar with a halberd!
You take 9 damage, and have 19/36 hp.
MASSIVE DAMAGE!!
You claw the gnoll!
You kill the gnoll!
The gnoll hits you from afar with a halberd!
* * * LOW HITPOINT WARNING * * *
You take 14 damage, and have 5/36 hp.
MASSIVE DAMAGE!!
The gnoll hits you with a halberd!
You take 10 damage, and have 12/36 hp.
MASSIVE DAMAGE!!
You claw the gnoll! The gnoll closely misses you.
You barely miss the gnoll. The gnoll hits you with a halberd.
The gnoll closely misses you.
You take 1 damage, and have 11/36 hp.
You closely miss the gnoll. The gnoll hits you with a halberd!
You die...

#.# #....# #.# #...#.......#
#.# #.#### #.# #.#.#.......#
#.# #.#######.#
#.#.#.......##### #.#
#......##.# #.#.#......).....
#.# ######.##.#
#.#.#.......##### #)# #.##.#
#.#.#.......# # #.# #.##.#
#.#.#.......# #
#.########.##.###.#.#.#######
# ..............gg@.#.#.#
#############.#####.#.# #.#
#.#.# #.# #.#.########### #.#
#.............. #.#
###.########### #.# #.# #.#
#.# #.#######.#


You could see 2 gnolls.

Vanquished Creatures
  A gnoll (D:3)
  A worm (D:2)
  2 dart slugs (D:1)
  2 giant cockroaches
  7 goblins
  7 hobgoblins
  6 bats
  3 frilled lizards
  4 kobolds
  6 rats
39 creatures vanquished.

Vanquished Creatures (others)
  4 toadstools (D:1)
4 creatures vanquished.

Grand Total: 43 creatures vanquished

Notes
Turn   | Place    | Note
-------+----------+-------------------------------------------
     0 | D:1      | shakethe the Troll Monk began the quest for the Orb.
     0 | D:1      | Reached XP level 1. HP: 22/22 MP: 0/0
    94 | D:1      | Reached XP level 2. HP: 29/29 MP: 1/1
   264 | D:1      | HP: 7/29 [kobold/dagger of electrocution (17)]
   289 | D:1      | You fall through a shaft!
   696 | D:2      | Reached XP level 3. HP: 33/36 MP: 2/2
  1577 | D:3      | HP: 5/36 [gnoll/halberd (14)]
  1614 | D:3      | Slain by a gnoll

Action                   || total
-------------------------++-------
Melee: Unarmed           ||   102
 Stab: Sleeping          ||     4
  Eat: Chunk             ||    12
Armor: Robe              ||    23
Dodge: Dodged            ||    45

Vault maps used:
D:1:      ldierk_walled_garden_2
D:3:      xom_redecorated

Table legend:
 A = Turns spent in this place as a percentage of turns spent in the entire game.
 B = Non-inter-level travel turns spent in this place as a percentage of non-inter-level travel turns spent in the entire game.
 C = Inter-level travel turns spent in this place as a percentage of turns spent in this place.
 D = Turns resting spent in this place as a percentage of non-inter-level travel turns spent in this place.
 E = Turns spent auto-exploring this place as a percentage of non-inter-level travel turns spent in this place.
 F = Non-inter-level travel turns spent in this place divided by the number of levels of this place that you've seen.
                   A       B       C       D       E      F
               +-------+-------+-------+-------+-------+----------------------
         Total | 100.0 | 100.0 |   0.0 |   0.0 |  66.0 | 538.0
       Dungeon | 100.0 | 100.0 |   0.0 |   0.0 |  66.0 | 538.0
               +-------+-------+-------+-------+-------+----------------------

Table legend:
 A = Kills in this place as a percentage of kills in entire the game.
 B = Kills by you in this place as a percentage of kills by you in the entire game.
 C = Kills by friends in this place as a percentage of kills by friends in the entire game.
 D = Other kills in this place as a percentage of other kills in the entire game.
 E = Experience gained in this place as a percentage of experience gained in the entire game.
 F = Experience gained in this place divided by the number of levels of this place that you have seen.
                   A       B       C       D       E      F
               +-------+-------+-------+-------+-------+----------------------
         Total | 100.0 | 100.0 |   N/A |   N/A | 100.0 |  26.3
       Dungeon | 100.0 | 100.0 |   N/A |   N/A | 100.0 |  26.3
               +-------+-------+-------+-------+-------+----------------------
